 Dungeon Crawl Stone Soup version 0.31-a0-177-g4aa6249778 (webtiles) character file.

Game seed: 5257628513269486451

5899 qw the Cleaver (level 10, -8/64 HPs)
             Began as a Gargoyle Fighter on June 18, 2023.
             Was a Priest of Okawaru.
             Mangled by a skeletal warrior
             ... wielding a +0 battleaxe
              (10 damage)
             ... on level 8 of the Dungeon.
             The game lasted 00:03:17 (6538 turns).

qw the Cleaver (Gargoyle Fighter)                   Turns: 6538, Time: 00:03:17

Health: -8/64      AC: 21    Str: 25    XL:     10   Next: 82%
Magic:  12/13      EV: 10    Int:  8    God:    Okawaru [***...]
Gold:   1189       SH:  6    Dex:  9    Spells: 9/9 levels left

rFire   . . .        Y - +1 war axe
rCold   + . .        c - +0 buckler
rNeg    + . .        o - +0 chain mail
rPois   inf          g - +0 helmet
rElec   +            m - +0 cloak
rCorr   .            (no gloves)
SInv    .            (no boots)
Will    .....        k - amulet of faith Stlth
                     v - ring of protection from cold
HPRegen 0.30/turn    (no ring)
MPRegen 0.13/turn

%: faith
@: about to teleport, heroic
A: sickness immunity, AC +7, negative energy resistance 1, electricity
resistance, torment resistance 1, petrification resistance
a: Renounce Religion, Heroism


You were on level 8 of the Dungeon.
You worshipped Okawaru.
Okawaru was most pleased with you.
You visited 2 branches of the dungeon, and saw 9 of its levels.

You collected 1189 gold pieces.


Innate Abilities, Weirdness & Mutations

You are immune to sickness and miasma.
Your stone body is resilient. (AC +7)
You are immune to poison.
You resist negative energy. (rN+)
You are resistant to electric shocks. (rElec)
You are resistant to unholy torment.
You are immune to petrification.


   Skills:
 - Level 8.0(13.0) Fighting
 + Level 10.8(15.8) Axes
 - Level 4.6(9.6) Throwing
 - Level 5.1(10.1) Armour
 - Level 1.0(6.0) Dodging
 - Level 5.3(10.3) Shields
 - Level 4.1 Invocations


You had 9 spell levels left.
You didn't know any spells.
Your spell library was empty.

Inventory:

Hand Weapons
 t - a +0 morningstar
 Y - a +1 war axe (weapon)
Armour
 c - a +0 buckler (worn)
 f - a +2 robe of resistance
 g - a +0 helmet (worn)
 m - a +0 cloak (worn)
 n - a +1 ring mail of positive energy
 o - a +0 chain mail (worn)
Jewellery
 e - an amulet of regeneration
 k - an amulet of faith (around neck)
 v - a ring of protection from cold (left hand)
Scrolls
 j - 2 scrolls of identify
 w - a scroll of teleportation
Potions
 a - 2 potions of curing
 b - a potion of attraction
 d - 6 potions of might
 h - 2 potions of cancellation
 i - 2 potions of enlightenment
 l - 2 potions of haste
 p - a potion of brilliance {unknown}
 r - a potion of berserk rage {unknown}

Dungeon Overview and Level Annotations

Branches:
Dungeon (8/15)             Temple (1/1) D:4            Lair (0/5) D:8

Altars:
Ashenzari
Cheibriados
Dithmenos
Elyvilon
Fedhas
Gozag
Hepliaklqana
Kikubaaqudgha
Nemelex Xobeh
Okawaru
Qazlal
Ru
Sif Muna
Trog
Uskayaw
Vehumet
Wu Jian
Xom
Yredelemnul
Zin
The Shining One

Annotations:
D:3 1 runed translucent door, Crazy Yiuf


Message History

You start resting.
HP restored.
6524 ||| INVOKING Heroism.
You gain the combat prowess of a mighty hero.
You can no longer speed up your combat.
You hit the skeletal warrior.
The skeletal warrior is lightly damaged.
The skeletal warrior barely misses you.
You hit the skeletal warrior but do no damage.
The skeletal warrior is lightly damaged.
You barely miss the skeletal warrior.
The skeletal warrior is lightly damaged.
The skeletal warrior hits you with a +0 battleaxe.
You barely miss the skeletal warrior.
The skeletal warrior is lightly damaged.
The skeletal warrior hits you with a +0 battleaxe.
You hit the skeletal warrior but do no damage.
The skeletal warrior is lightly damaged.
The skeletal warrior hits you with a +0 battleaxe!!
You hit the skeletal warrior.
The skeletal warrior is lightly damaged.
You hit the skeletal warrior but do no damage.
The skeletal warrior is lightly damaged.
The skeletal warrior hits you with a +0 battleaxe!!
You closely miss the skeletal warrior.
The skeletal warrior is lightly damaged.
The skeletal warrior hits you with a +0 battleaxe.
You closely miss the skeletal warrior.
The skeletal warrior is lightly damaged.
You block the skeletal warrior's attack.
You hit the skeletal warrior but do no damage.
The skeletal warrior is lightly damaged.
You slash the skeletal warrior!
The skeletal warrior is moderately damaged.
The skeletal warrior hits you with a +0 battleaxe!
6538 ||| READING 2 scrolls of teleportation.
As you read the scroll of teleportation, it crumbles to dust.
You feel strangely unstable.
The skeletal warrior hits you with a +0 battleaxe!
You die...

#.#........#
#...}#.:.#...
#...g......#
#...##...'.#'
###........#
#._......###.
#..(.....#
#...##...# #.
#.########
#...}#...# #. #.#
######...# #. #.#
#.....# #.
########.##########
####### #.
#.g......##....z@.#
#.
#.#########.....#.#
#. #%# #.....#.####
#######. ...
.......#....#
#....... ...#
###..$.####.#
#.###### ...# #$...
#.# #.# ...# #....
#.# #.# ....
#....####'#####.#
.(Y. #.......##.#


You could see a skeletal warrior.

Vanquished Creatures
  Pikel (D:4)
  2 deep elf pyromancers (D:7)
  A cyclops (D:8)
  Psyche (D:8)
  Grinder (D:2)
  A wyvern (D:8)
  7 yaks
  2 basilisks (D:8)
  2 steam dragons
  An acid dragon (D:8)
  3 water moccasins
  2 sky beasts
  2 ice beasts (D:5)
  Pargi (D:4)
  An orc warrior (D:7)
  An ogre (D:5)
  A kobold brigand (D:7)
  3 scorpions
  2 bullfrogs
  5 howler monkeys
  2 orc priests (D:6)
  2 hounds (D:7)
  2 jellies
  A gnoll bouda (D:6)
  A sleepcap (D:4)
  2 iguanas
  Robin (D:3)
  4 adders
  9 gnolls
  A shadow imp (D:5)
  A white imp (D:7)
  An ufetubus (D:7)
  A dart slug (D:1)
  11 orcs
  5 endoplasms
  2 giant cockroaches
  16 goblins
  9 hobgoblins
  14 jackals
  8 kobolds
  4 quokkas
  4 ball pythons
  A bat (D:3)
  4 frilled lizards
  3 rats
  A spectral orc (D:6)
150 creatures vanquished.

Vanquished Creatures (others)
  A goblin (D:8)
1 creature vanquished.

Grand Total: 151 creatures vanquished

Notes
Turn   | Place    | Note
-------+----------+-------------------------------------------
     0 | D:1      | qw the Gargoyle Fighter began the quest for the Orb.
     0 | D:1      | Reached XP level 1. HP: 14/14 MP: 1/1
     0 | D:1      | 0 ||| qw: Version: 0.3-a-5-g6f28e65
     0 | D:1      | 0 ||| qw: Game counter: 537
     0 | D:1      | 0 ||| qw: Always use a shield: true
     0 | D:1      | 0 ||| qw: God list: Okawaru
     0 | D:1      | 0 ||| qw: Allow faded altars: false
     0 | D:1      | 0 ||| qw: Do Orc after D:15 true
     0 | D:1      | 0 ||| qw: Do second Lair branch before Depths: true
     0 | D:1      | 0 ||| qw: Lair rune preference: random
     0 | D:1      | 0 ||| qw: Plans: Normal, Zot:1-4, Slime:5, God:TSO, Crypt,
                  | Tomb, Abyss, Pan, Hells, Win
     0 | D:1      | 0 ||| PLANNING D:1-11
    17 | D:1      | 17 ||| Stepping ~*~*~tactically~*~*~ (hiding).
    24 | D:1      | Reached skill level 2 in Axes
   134 | D:1      | 134 ||| Stepping ~*~*~tactically~*~*~ (hiding).
   141 | D:1      | Reached XP level 2. HP: 14/19 MP: 2/2
   354 | D:1      | Reached skill level 3 in Axes
   503 | D:1      | Reached XP level 3. HP: 23/23 MP: 3/3
   764 | D:1      | 764 ||| UPGRADING to amulet of regeneration.
   779 | D:1      | 779 ||| READING scroll labelled JEFFIA CUKAITH.
   808 | D:1      | 808 ||| READING scroll labelled KYVAK QAUW SIV.
   809 | D:1      | 809 ||| READING 4 scrolls labelled UVUDIRARONN.
   810 | D:1      | 810 ||| READING 3 scrolls of identify.
   810 | D:1      | 810 ||| IDENTIFYING blue potion
   811 | D:1      | 811 ||| READING 2 scrolls of identify.
   811 | D:1      | 811 ||| IDENTIFYING bubbling silvery potion
   812 | D:1      | 812 ||| DROPPING potion of invisibility.
   866 | D:2      | 866 ||| Stepping ~*~*~tactically~*~*~ (stealth).
  1219 | D:2      | 1219 ||| READING scroll labelled KENGAR GETHREBRYWN.
  1246 | D:3      | Noticed Grinder
  1248 | D:3      | 1248 ||| STAIRDANCE
  1257 | D:2      | Killed Grinder
  1258 | D:2      | Reached skill level 5 in Axes
  1258 | D:2      | Reached XP level 4. HP: 21/28 MP: 4/4
  1258 | D:2      | Reached XP level 5. HP: 24/32 MP: 5/5
  1258 | D:2      | Reached XP level 6. HP: 28/37 MP: 6/6
  1286 | D:3      | 1286 ||| DROPPING +0 whip.
  1293 | D:3      | Found a runed translucent door.
  1294 | D:3      | Noticed Crazy Yiuf
  1379 | D:3      | 1379 ||| FLEEEEING.
  1380 | D:3      | Noticed Robin
  1401 | D:3      | Killed Robin
  1402 | D:3      | Found a sparkling altar of Nemelex Xobeh.
  1491 | D:3      | Found a faded altar of an unknown god.
  1742 | D:3      | Found a bloodstained altar of Trog.
  1749 | D:3      | Found a hazy altar of Hepliaklqana.
  1890 | D:3      | 1890 ||| UPGRADING to +0 helmet.
  1895 | D:3      | 1895 ||| UPGRADING to amulet of faith.
  1905 | D:3      | 1905 ||| DRINKING 2 bubbling coppery potions.
  1977 | D:4      | 1977 ||| Stepping ~*~*~tactically~*~*~ (stealth).
  1981 | D:4      | Reached skill level 1 in Dodging
  2030 | D:4      | 2030 ||| Stepping ~*~*~tactically~*~*~ (stealth).
  2037 | D:4      | 2037 ||| Stepping ~*~*~tactically~*~*~ (stealth).
  2058 | D:4      | 2058 ||| Stepping ~*~*~tactically~*~*~ (stealth).
  2064 | D:4      | 2064 ||| Stepping ~*~*~tactically~*~*~ (hiding).
  2066 | D:4      | 2066 ||| Stepping ~*~*~tactically~*~*~ (hiding).
  2202 | D:4      | Noticed Pargi
  2215 | D:4      | Killed Pargi
  2216 | D:4      | Reached skill level 6 in Axes
  2216 | D:4      | Reached XP level 7. HP: 34/44 MP: 7/7
  2481 | D:4      | Found a broken altar of Ashenzari.
  2623 | D:4      | Noticed Pikel
  2631 | D:4      | Killed Pikel
  2632 | D:4      | Reached skill level 8 in Axes
  2632 | D:4      | Reached XP level 8. HP: 48/48 MP: 8/8
  2636 | D:4      | 2636 ||| Stepping ~*~*~tactically~*~*~ (hiding).
  2638 | D:4      | 2638 ||| Stepping ~*~*~tactically~*~*~ (hiding).
  2666 | D:4      | 2666 ||| DROPPING +0 hammer.
  2667 | D:4      | 2667 ||| DROPPING +0 flail.
  2678 | D:4      | Found a staircase to the Ecumenical Temple.
  2679 | D:4      | 2679 ||| PLANNING TEMPLE
  2679 | D:4      | 2679 ||| UPGRADING to +0 chain mail.
  2689 | D:4      | 2689 ||| DROPPING +0 scale mail.
  2690 | D:4      | 2690 ||| DROPPING +2 hat of stealth.
  2691 | D:4      | 2691 ||| READING scroll labelled BUKEYCOCETT.
  2692 | D:4      | 2692 ||| DRINKING 2 sapphire potions.
  2693 | D:4      | 2693 ||| DRINKING 3 fizzy grey potions.
  2694 | D:4      | 2694 ||| READING 3 scrolls of identify.
  2694 | D:4      | 2694 ||| IDENTIFYING smoky clear potion
  2695 | D:4      | 2695 ||| READING 2 scrolls of identify.
  2695 | D:4      | 2695 ||| IDENTIFYING murky red potion
  2696 | D:4      | 2696 ||| DROPPING potion of degeneration.
  2697 | D:4      | 2697 ||| DROPPING potion of ambrosia.
  2705 | Temple   | Entered the Ecumenical Temple
  2776 | Temple   | 2776 ||| PLANNING OKAWARU WORSHIP
  2782 | Temple   | 2782 ||| READING scroll labelled OSMOF FEOB.
  2785 | Temple   | Became a worshipper of Warmaster Okawaru
  2786 | Temple   | 2786 ||| PLANNING D:1-11
  3105 | D:5      | Entered Level 5 of the Dungeon
  3105 | D:5      | Found a shimmering blue altar of Sif Muna.
  3356 | D:5      | Reached skill level 1 in Throwing
  3566 | D:5      | Reached skill level 6 in Fighting
  3744 | D:5      | 3744 ||| UPGRADING to +0 cloak.
  3749 | D:5      | 3749 ||| READING scroll labelled FAOSTYSINE.
  3829 | D:6      | Reached * piety under Okawaru
  3982 | D:6      | 3982 ||| INVOKING Heroism.
  4052 | D:6      | 4052 ||| Stepping ~*~*~tactically~*~*~ (hiding).
  4055 | D:6      | 4055 ||| Stepping ~*~*~tactically~*~*~ (stealth).
  4084 | D:6      | Reached skill level 1 in Invocations
  4163 | D:6      | Identified the +11 long sword of the Vaults {flame, *Slow
                  | Will+++ Str+4}
  4169 | D:6      | Found a basalt altar of Yredelemnul.
  4615 | D:6      | 4615 ||| DROPPING orb of mayhem.
  4616 | D:6      | 4616 ||| READING scroll labelled DUORIM WIDUBEI.
  4645 | D:7      | Noticed a deep elf pyromancer
  4646 | D:7      | 4646 ||| Stepping ~*~*~tactically~*~*~ (hiding).
  4647 | D:7      | 4647 ||| Stepping ~*~*~tactically~*~*~ (hiding).
  4660 | D:7      | 4660 ||| INVOKING Heroism.
  4660 | D:7      | Noticed a yak
  4661 | D:7      | Killed a deep elf pyromancer
  4662 | D:7      | Reached skill level 3 in Invocations
  4662 | D:7      | Reached XP level 9. HP: 20/55 MP: 7/11
  4664 | D:7      | Reached ** piety under Okawaru
  4665 | D:7      | 4665 ||| FLEEEEING.
  4666 | D:7      | 4666 ||| FLEEEEING.
  4667 | D:7      | 4667 ||| FLEEEEING.
  4669 | D:7      | 4669 ||| FLEEEEING.
  4670 | D:7      | 4670 ||| FLEEEEING.
  4671 | D:7      | 4671 ||| STAIRDANCE
  4788 | D:7      | 4788 ||| STAIRDANCE
  4793 | D:6      | 4793 ||| INVOKING Heroism.
  4797 | D:6      | Reached skill level 9 in Axes
  4911 | D:7      | Noticed a deep elf pyromancer
  4923 | D:7      | Killed a deep elf pyromancer
  4941 | D:7      | 4941 ||| INVOKING Heroism.
  4983 | D:7      | 4983 ||| Stepping ~*~*~tactically~*~*~ (stealth).
  4984 | D:7      | 4984 ||| Stepping ~*~*~tactically~*~*~ (hiding).
  4986 | D:7      | 4986 ||| INVOKING Heroism.
  5006 | D:7      | 5006 ||| Stepping ~*~*~tactically~*~*~ (stealth).
  5022 | D:7      | 5022 ||| INVOKING Heroism.
  5181 | D:7      | Found a glowing silver altar of Zin.
  5182 | D:7      | Found a sacrificial altar of Ru.
  5183 | D:7      | Found an opulent altar of Gozag.
  5189 | D:7      | Reached XP level 10. HP: 53/63 MP: 13/13
  5301 | D:7      | 5301 ||| Stepping ~*~*~tactically~*~*~ (stealth).
  5303 | D:7      | 5303 ||| Stepping ~*~*~tactically~*~*~ (stealth).
  5306 | D:7      | 5306 ||| FLEEEEING.
  5307 | D:7      | 5307 ||| FLEEEEING.
  5314 | D:7      | 5314 ||| Stepping ~*~*~tactically~*~*~ (hiding).
  5316 | D:7      | 5316 ||| INVOKING Heroism.
  5505 | D:7      | 5505 ||| UPGRADING to ring of protection from cold.
  5506 | D:7      | 5506 ||| READING scroll labelled GIUHI OREUPPYU.
  5507 | D:7      | 5507 ||| READING scroll labelled BONUDGHUIBEG.
  5508 | D:7      | 5508 ||| READING scroll labelled BEYRAQ GURPHUCS.
  5508 | D:7      | Identified a scroll of acquirement
  5508 | D:7      | 5508 ||| ACQUIRING 822 gold pieces
  5508 | D:7      | Acquired 822 gold pieces
  5510 | D:7      | 5510 ||| READING 2 scrolls labelled RADEIM SUSU.
  5511 | D:7      | 5511 ||| DRINKING 2 murky clear potions.
  5512 | D:7      | 5512 ||| DROPPING scroll of immolation.
  5549 | D:8      | Found a staircase to the Lair.
  5556 | D:8      | 5556 ||| INVOKING Heroism.
  5565 | D:8      | Reached *** piety under Okawaru
  5734 | D:8      | Noticed Psyche
  5735 | D:8      | 5735 ||| INVOKING Heroism.
  5745 | D:8      | Killed Psyche
  5746 | D:8      | Reached skill level 10 in Axes
  6000 | D:8      | 6000 ||| INVOKING Heroism.
  6001 | D:8      | Found a flagged portal.
  6085 | D:8      | 6085 ||| Stepping ~*~*~tactically~*~*~ (stealth).
  6110 | D:8      | 6110 ||| INVOKING Heroism.
  6117 | D:8      | Received a gift from Okawaru
  6118 | D:8      | 6118 ||| FLEEEEING.
  6119 | D:8      | 6119 ||| FLEEEEING.
  6120 | D:8      | 6120 ||| FLEEEEING.
  6121 | D:8      | 6121 ||| FLEEEEING.
  6122 | D:8      | 6122 ||| FLEEEEING.
  6123 | D:8      | 6123 ||| FLEEEEING.
  6124 | D:8      | 6124 ||| FLEEEEING.
  6125 | D:8      | 6125 ||| FLEEEEING.
  6126 | D:8      | 6126 ||| FLEEEEING.
  6127 | D:8      | 6127 ||| FLEEEEING.
  6128 | D:8      | 6128 ||| FLEEEEING.
  6129 | D:8      | 6129 ||| FLEEEEING.
  6130 | D:8      | 6130 ||| FLEEEEING.
  6131 | D:8      | 6131 ||| FLEEEEING.
  6132 | D:8      | 6132 ||| FLEEEEING.
  6133 | D:8      | 6133 ||| FLEEEEING.
  6134 | D:8      | 6134 ||| FLEEEEING.
  6135 | D:8      | 6135 ||| FLEEEEING.
  6136 | D:8      | 6136 ||| FLEEEEING.
  6137 | D:8      | 6137 ||| FLEEEEING.
  6138 | D:8      | 6138 ||| FLEEEEING.
  6139 | D:8      | 6139 ||| FLEEEEING.
  6140 | D:8      | 6140 ||| FLEEEEING.
  6141 | D:8      | 6141 ||| FLEEEEING.
  6142 | D:8      | 6142 ||| FLEEEEING.
  6143 | D:8      | 6143 ||| FLEEEEING.
  6144 | D:8      | 6144 ||| FLEEEEING.
  6145 | D:8      | 6145 ||| FLEEEEING.
  6146 | D:8      | 6146 ||| FLEEEEING.
  6147 | D:8      | 6147 ||| FLEEEEING.
  6148 | D:8      | 6148 ||| FLEEEEING.
  6149 | D:8      | 6149 ||| FLEEEEING.
  6150 | D:8      | 6150 ||| FLEEEEING.
  6151 | D:8      | 6151 ||| FLEEEEING.
  6152 | D:8      | 6152 ||| FLEEEEING.
  6153 | D:8      | 6153 ||| FLEEEEING.
  6154 | D:8      | 6154 ||| INVOKING Heroism.
  6266 | D:8      | 6266 ||| Stepping ~*~*~tactically~*~*~ (stealth).
  6280 | D:8      | Found a glowing golden altar of the Shining One.
  6342 | D:8      | Noticed a cyclops
  6343 | D:8      | 6343 ||| Stepping ~*~*~tactically~*~*~ (hiding).
  6350 | D:8      | 6350 ||| INVOKING Heroism.
  6358 | D:8      | Killed a cyclops
  6511 | D:8      | Reached **** piety under Okawaru
  6520 | D:8      | Noticed a skeletal warrior
  6521 | D:8      | 6521 ||| Stepping ~*~*~tactically~*~*~ (stealth).
  6524 | D:8      | 6524 ||| INVOKING Heroism.
  6537 | D:8      | HP: 2/64 [skeletal warrior/+0 battleaxe (17)]
  6538 | D:8      | 6538 ||| READING 2 scrolls of teleportation.
  6538 | D:8      | Mangled by a skeletal warrior

Levels and vault maps discovered:
D:1:      sevenhm_arrival_forest_fort_small_6, layout_loops_ring,
          chequers_serial_rivers_marsh, chequers_arboretum,
          palyth_stone_intersect, minmay_tiny_reverse_x
D:2:      layout_rooms
D:3:      layout_rooms, nemelex_xobeh_ov_fountains_minmay,
          mainiacjoe_overflow_catwalk_spiral, shapermc_ecumenical_altar_petra,
          uniq_crazy_yiuf_cottage, uniq_robin, uniq_grinder
D:4:      layout_basic, mainiacjoe_overflow_small_starburst,
          minmay_temple_entry_wispy, minmay_close_crescents, uniq_pargi,
          uniq_pikel
D:5:      layout_gridville, nicolae_sif_muna_condensation
D:6:      layout_basic, yredelemnul_forgotten_temple_becter
D:7:      layout_rooms, chequers_temple_overflow_statue_of_worship, hex_large,
          minmay_manual_mess
D:8:      layout_basic, mainiacjoe_overflow_alcove_2, david_lair_generic,
          enter_bailey_5, uniq_psyche
Temple:   jpeg_temple_clearing

Skill      XL: |  1  2  3  4  5  6  7  8  9 10 |
---------------+-------------------------------+-----
Axes           | 2 3 5 6 8 9 10 | 10.8
Fighting       | 4 6 7 8 |  8.0
Dodging        | 1 |  1.0
Throwing       | 2 4 |  4.6
Armour         | 4 5 |  5.1
Invocations    | 3 4 |  4.1
Shields        | 4 5 |  5.3

Action                     |  1- 3 |  4- 6 |  7- 9 | 10-12 || total
---------------------------+-------+-------+-------+-------++-------
  Melee: War axe           |   107 |    90 |   207 |   111 ||   515
         Unarmed           |       |       |       |     2 ||     2
  Throw: Boomerang         |       |       |    15 |    15 ||    30
         Javelin           |       |       |    20 |     6 ||    26
 Invoke: Heroism           |       |       |     6 |     8 ||    14
    Use: Scroll            |     6 |       |     6 |     5 ||    17
         Potion            |       |     1 |     2 |     1 ||     4
 Armour: Scale mail        |    58 |    40 |    17 |       ||   115
         Chain mail        |       |       |    88 |    43 ||   131
         Skin              |       |       |       |     1 ||     1
  Dodge: Dodged            |    58 |    52 |    68 |    32 ||   210
  Block: Buckler           |    22 |    17 |    40 |    10 ||    89

Table legend:
 A = Non-vault XP
 B = Vault XP
 C = Vault XP percentage of total XP
 D = Non-vault monster count
 E = Vault monster count
 F = Vault count percentage of total count
                 A         B        C        D         E       F
            +---------+---------+-------+---------+---------+-------
      Total |    4231 |    4197 |  49.8 |     111 |      39 |  26.0
            +---------+---------+-------+---------+---------+-------
        D:1 |      37 |       4 |   9.8 |      20 |       2 |   9.1
        D:2 |      16 |     267 |  94.3 |       9 |       1 |  10.0
        D:3 |     117 |      37 |  24.0 |      13 |      12 |  48.0
        D:4 |     139 |     798 |  85.2 |      19 |       7 |  26.9
        D:5 |     428 |       0 |   0.0 |       8 |       0 |   0.0
        D:6 |     476 |     203 |  29.9 |      15 |       2 |  11.8
        D:7 |     668 |    1714 |  72.0 |      12 |       7 |  36.8
        D:8 |    2350 |    1174 |  33.3 |      15 |       8 |  34.8
            +---------+---------+-------+---------+---------+-------
